 Dungeon Crawl Stone Soup version 0.28.0-45-g0d030f2227 (webtiles) character file.

Game seed: 647394452183964970

79 101zpm the Chiller (level 4, 0/24 HPs)
             Began as a Deep Elf Ice Elementalist on Apr 20, 2022.
             Was an Initiate of Yredelemnul.
             Shot with a stone by a goblin (1 damage)
             ... on level 3 of the Dungeon.
             The game lasted 00:07:18 (3393 turns).

101zpm the Chiller (Deep Elf Ice Elementalist)      Turns: 3393, Time: 00:07:19

Health: 0/24       AC:  9    Str:  5    XL:     4   Next: 17%
Magic:  6/12       EV: 13    Int: 22    God:    Yredelemnul [......]
Gold:   89         SH:  0    Dex: 15    Spells: 0/11 levels left

rFire   . . .      SeeInvis .   f - +0 dagger (flame)
rCold   . . .      Faith    .   (no shield)
rNeg    . . .      Spirit   .   a - +0 robe
rPois   .          Reflect  .   (no helmet)
rElec   .          Harm     .   (no cloak)
rCorr   .          Rampage  .   (no gloves)
Will    .....                   (no boots)
Stlth   ++........              (no amulet)
HPRegen 0.08/turn               (no ring)
MPRegen 0.13/turn               (no ring)

@: ice-armoured
A: no striking features
a: Renounce Religion, Recall Undead Harvest


You were on level 3 of the Dungeon.
You worshipped Yredelemnul.
Yredelemnul was noncommittal.
You visited 1 branch of the dungeon, and saw 3 of its levels.

You collected 89 gold pieces.

Inventory:

Hand Weapons
 b - a +0 dagger
 f - a +0 dagger of flaming (weapon)
 g - a +0 hunting sling
Missiles
 h - 80 stones
Armour
 a - a +0 robe (worn)
Scrolls
 c - a scroll of immolation {unknown}
 d - a scroll of identify {unknown}
 i - a scroll of acquirement {unknown}
Potions
 e - a potion of magic


   Skills:
 + Level 0.1 Fighting
 + Level 0.1 Short Blades
 + Level 2.7 Dodging
 + Level 3.1 Stealth
 + Level 4.1 Spellcasting
 + Level 5.3 Ice Magic


You couldn't memorise any spells.
You knew the following spells:

 Your Spells              Type           Power      Damage    Failure   Level
a - Freeze                Ice            100%       1d11      1%          1
b - Frozen Ramparts       Ice            56%        1d7       3%          3
c - Ozocubu's Armour      Ice            28%        N/A       3%          3
d - Hailstorm             Conj/Ice       16%        3d6       36%         4

Your spell library contained the following spells:

 Spells                   Type           Power      Damage    Failure   Level


Dungeon Overview and Level Annotations

Branches:
Dungeon (3/15)

Altars:
Yredelemnul


Message History

The spell is quite dangerous to miscast (3% risk of failure)!
Continue anyway?
Casting: Frozen Ramparts (quite dangerous; 3% risk of failure)
Press: ? - help, Dir - look around, f - activate The walls around you are covered in ice.
The goblin shouts!
A goblin comes into view. It is wielding a +0 club.
The wall freezes the goblin.
You kill the goblin!
A giant cockroach comes into view.
The frozen ramparts melt away.
Casting: Frozen Ramparts (quite dangerous; 3% risk of failure)
Confirm with . or Enter, or press ? or * to list all spells.
The spell is quite dangerous to miscast (3% risk of failure)!
Continue anyway?
Casting: Frozen Ramparts (quite dangerous; 3% risk of failure)
Press: ? - help, Dir - look around, f - activate The walls around you are covered in ice.
The goblin shouts!
The goblin unwields a +0 club.
The goblin wields a +0 hunting sling.
The goblin shoots a stone.
The stone hits you but does no damage.
The goblin shoots a stone.
The stone hits you.
The goblin shoots a stone.
The stone closely misses you.
The goblin shoots a stone.
The stone closely misses you.
The goblin shoots a stone.
The stone closely misses you.
The goblin shoots a stone.
The stone hits you.
The goblin shoots a stone.
The stone closely misses you.
The goblin shoots a stone.
The stone misses you.
The goblin shoots a stone.
The stone hits you.
* * * LOW HITPOINT WARNING * * *
The goblin shoots a stone.
The stone hits you.
* * * LOW HITPOINT WARNING * * *
Casting: Frozen Ramparts (quite dangerous; 3% risk of failure)
Confirm with . or Enter, or press ? or * to list all spells.
You don't know that spell.
Casting: Frozen Ramparts (quite dangerous; 3% risk of failure)
Confirm with . or Enter, or press ? or * to list all spells.
The spell is quite dangerous to miscast (3% risk of failure)!
Continue anyway?
A film of ice covers your body!
The frozen ramparts melt away.
The goblin shoots a stone.
The stone hits you.
You die...
Your body rises from the dead as a mindless zombie.

#..# #...... ....# #..#
#..###. # #...# #..#
#..# #. .##...# #..#
#..# #.
..g..###..####..# #. #
#........).....# #.
$##.##....##..###.......
..$.................####
#.@.............<
#.#.#.#########.##
#.#.#.# .# .)#.#.# .#
##.#.#.# .# ..#..>.
#.###.# #. #.# #.#


You could see a goblin.

Vanquished Creatures
  A gnoll (D:1)
  An adder (D:2)
  2 dart slugs
  An orc (D:3)
  4 ball pythons
  5 endoplasms
  A giant cockroach (D:1)
  5 hobgoblins
  3 jackals (D:2)
  3 kobolds
  3 quokkas
  2 bats
  3 frilled lizards
  8 goblins
  5 rats
47 creatures vanquished.

Vanquished Creatures (collateral kills)
  A jackal (D:2)
1 creature vanquished.

Vanquished Creatures (others)
  2 plants (D:1)
2 creatures vanquished.

Grand Total: 50 creatures vanquished

Notes
Turn   | Place    | Note
-------+----------+-------------------------------------------
     0 | D:1      | 101zpm the Deep Elf Ice Elementalist began the quest for
                  | the Orb.
     0 | D:1      | Reached XP level 1. HP: 10/10 MP: 6/6
    66 | D:1      | Found a faded altar of an unknown god.
   359 | D:1      | Reached skill level 5 in Ice Magic
   359 | D:1      | Reached XP level 2. HP: 5/15 MP: 5/8
  1074 | D:1      | Reached XP level 3. HP: 13/19 MP: 6/9
  1790 | D:1      | Prayed at the altar of an unknown god.
  1790 | D:1      | Became a worshipper of Yredelemnul the Dark
  1790 | D:1      | Reached * piety under Yredelemnul
  2582 | D:2      | Reached XP level 4. HP: 24/24 MP: 9/11
  2692 | D:2      | Reached ** piety under Yredelemnul
  3237 | D:2      | Learned a level 3 spell: Frozen Ramparts
  3241 | D:2      | Learned a level 3 spell: Ozocubu's Armour
  3246 | D:2      | Learned a level 4 spell: Hailstorm
  3392 | D:3      | HP: 1/24 [goblin/stone (6)]
  3393 | D:3      | Shot with a stone by a goblin

Illustrated notes

Levels and vault maps discovered:
D:1:      tarquinn_simple_flora_water_d, layout_rooms,
          chequers_ecumenical_altar_lobes
D:2:      layout_basic
D:3:      layout_loops_ring, lightli_temple_of_fire, st_stairs_1

Skill      XL: |  1  2  3  4 |
---------------+-------------+-----
Ice Magic      | 5 |  5.3
Stealth        | 3 |  3.1
Spellcasting   | 4 |  4.1
Fighting       | |  0.1
Short Blades   | |  0.1
Dodging        | |  2.7

Action                   |  1- 3 |  4- 6 || total
-------------------------+-------+-------++-------
Melee: Dagger            |    42 |       ||    42
 Cast: Freeze            |    46 |     6 ||    52
       Frozen Ramparts   |       |     5 ||     5
       Ozocubu's Armour  |       |     1 ||     1
  Use: Potion            |     1 |       ||     1
 Stab: Sleeping          |     2 |       ||     2
Armor: Robe              |    20 |     2 ||    22
Dodge: Dodged            |    54 |     8 ||    62
